 Dungeon Crawl Stone Soup version 0.28.0-43-g3370ac3207 (webtiles) character file.

Game seed: 15925635346322492216

329 tizbic2 the Ruffian (level 6, -2/43 HPs)
             Began as an Octopode Fighter on Mar 23, 2022.
             Slain by a gnoll
             ... wielding a +0 spear
              (4 damage)
             ... on level 4 of the Dungeon.
             The game lasted 00:11:44 (2715 turns).

tizbic2 the Ruffian (Octopode Fighter)              Turns: 2715, Time: 00:11:45

Health: -2/43      AC:  1    Str: 18    XL:     6   Next: 50%
Magic:  6/6        EV: 13    Int: 10    God:
Gold:   146        SH:  4    Dex: 11    Spells: 5/5 levels left

rFire   . . .      SeeInvis .   a - +2 whip (venom)
rCold   . . .      Faith    .   g - +0 buckler
rNeg    . . .      Spirit   .   (helmet restricted)
rPois   .          Reflect  .   c - amulet of the acrobat
rElec   .          Harm     .   (no ring)
rCorr   .          Rampage  .   (no ring)
Will    .....                   (no ring)
Stlth   ++........              (no ring)
HPRegen 0.14/turn               (no ring)
MPRegen 0.10/turn               (no ring)
                                (no ring)
                                (no ring)

@: no status effects
A: almost no armour, amphibious, 8 rings, camouflage 1, gelatinous body 1,
(nimble swimmer 1), tentacles
a: no special abilities


You were on level 4 of the Dungeon.
You visited 1 branch of the dungeon, and saw 5 of its levels.

You collected 146 gold pieces.

Inventory:

Hand Weapons
 a - a +2 whip of venom (weapon)
 i - a +0 hand axe
 w - a +0 dagger
Missiles
 f - 28 stones (quivered)
 j - 6 poisoned darts
Armour
 g - a +0 buckler (worn)
Jewellery
 c - an amulet of the acrobat (around mantle)
 h - a ring of ice
Scrolls
 e - a scroll of teleportation
 k - a scroll of amnesia {unknown}
 n - a scroll of vulnerability {unknown}
Potions
 b - 2 potions of might
 d - 2 potions of invisibility
 l - a potion of flight {unknown}
 m - a potion of attraction {unknown}


   Skills:
 + Level 4.1 Fighting
 + Level 4.0 Dodging
 - Level 4.0 Shields
 * Level 4.1 Unarmed Combat
 + Level 1.9 Transmutations


You had 5 spell levels left.
You didn't know any spells.
Your spell library contained the following spells:

 Spells                   Type           Power      Damage    Failure   Level
 Wereblood                Tmut           3%         N/A       32%         2
 Foxfire                  Conj/Fire      0%         2x1d4     43%         1
 Sublimation of Blood     Necr           0%         N/A       58%         2
 Conjure Flame            Conj/Fire      0%         6-21      82%         3
 Inner Flame              Hex/Fire       0%         N/A       82%         3
 Animate Dead             Necr           0%         N/A       99%         4
 Flame Wave               Conj/Fire      0%         2d4       99%         4
 Borgnjor's Vile Clutch   Necr/Erth      0%         N/A       100%        5
 Death Channel            Necr           0%         N/A       100%        6
 Summon Hydra             Summ           0%         N/A       100%        7


Dungeon Overview and Level Annotations

Branches:
Dungeon (5/15)
 Temple: D:4-7

Altars:


Innate Abilities, Weirdness & Mutations

You cannot wear most types of armour.
You are amphibious.
You can wear up to eight rings at the same time.
Your skin changes colour to match your surroundings (Stealth+).
Your rubbery body absorbs attacks. (AC +1, EV +1)
((You are camouflaged when in or above water. (Stealth+)))
You have tentacles for arms and can constrict up to eight enemies at once.


Message History

The endoplasm is lightly wounded.
You hit the endoplasm.
The endoplasm is poisoned.
You squeeze the endoplasm.
The endoplasm is heavily wounded.
The endoplasm hits you.
You hit the endoplasm.
You kill the endoplasm!
The gnoll completely misses you.
You hit the gnoll.
The gnoll is poisoned.
You grab the gnoll.
The gnoll is moderately wounded.
You constrict the gnoll. The gnoll barely misses you.
You hit the gnoll.
The gnoll looks as sick as possible!
The gnoll is severely wounded.
You constrict the gnoll.
You kill the gnoll!
f - 27 stones (gained 1)
Things that are here:
a +0 halberd; a gnoll corpse
f - 28 stones (gained 1)
There is a stone staircase leading down here.
There is an open door here.
A gnoll comes into view. It is wielding a +0 quarterstaff.
A gnoll comes into view. It is wielding a +0 whip.
The gnoll shouts!
The gnoll drinks a potion.
The gnoll flickers and vanishes!
Deactivating autopickup; reactivate with Ctrl-A.
The gnoll shouts!
You hit the gnoll.
The gnoll is poisoned.
You grab the gnoll.
The gnoll is heavily wounded.
You constrict the gnoll. Something hits you! The gnoll barely misses you.
You hit the gnoll.
You kill the gnoll!
Something hits you! The gnoll closely misses you.
Your Dodging skill increases to level 4!
You hit something. Your squeeze misses something. Something hits you!
The gnoll hits you from afar with a +0 spear.
* * * LOW HITPOINT WARNING * * *
You hit something. Your squeeze misses something. Something hits you!
* * * LOW HITPOINT WARNING * * *
The gnoll hits you from afar with a +0 spear.
You die...

########## #........#####
+........'.... ###
#........##### ...
#........# #
g#######g#####........#####
......<....................
######..{@................
... #..)......####.#.####
.... #.........# #.#.#...
....##.........# #.#.#...
.....#.........# #.#.##..
...............# #.# ....
...P...........# #.#####.
.....##.###########.#####.
.......................###


You could see a gnoll.

Vanquished Creatures
  Sigmund (D:3)
  A hound (D:4)
  Terence (D:3)
  2 gnolls (D:4)
  2 adders (D:3)
  2 worms (D:3)
  3 dart slugs
  2 orcs (D:4)
  4 ball pythons
  8 endoplasms
  A giant cockroach (D:1)
  3 goblins
  A hobgoblin (D:1)
  11 jackals
  7 kobolds
  2 quokkas
  3 bats
  2 frilled lizards (D:1)
  5 rats
61 creatures vanquished.

Vanquished Creatures (others)
  A fungus (D:3)
  16 plants (D:4)
17 creatures vanquished.

Grand Total: 78 creatures vanquished

Notes
Turn   | Place    | Note
-------+----------+-------------------------------------------
     0 | D:1      | tizbic2 the Octopode Fighter began the quest for the Orb.
     0 | D:1      | Reached XP level 1. HP: 16/16 MP: 1/1
   100 | D:1      | Reached XP level 2. HP: 11/21 MP: 2/2
   840 | D:1      | Reached XP level 3. HP: 26/26 MP: 3/3
  1634 | D:3      | Noticed Terence
  1644 | D:3      | Killed Terence
  1645 | D:3      | Reached XP level 4. HP: 19/31 MP: 4/4
  2089 | D:3      | Noticed Sigmund
  2097 | D:3      | Killed Sigmund
  2098 | D:3      | Reached skill level 1 in Transmutations
  2098 | D:3      | Reached XP level 5. HP: 23/37 MP: 5/5
  2098 | D:3      | Reached XP level 6. HP: 27/43 MP: 6/6
  2289 | D:3      | You fall into a shaft and drop 2 floors!
  2289 | D:5      | Entered Level 5 of the Dungeon
  2289 | D:5      | Noticed an ice beast
  2356 | D:4      | Noticed a water moccasin
  2715 | D:4      | HP: 2/43 [something (10)]
  2715 | D:4      | Slain by a gnoll

Illustrated notes

Levels and vault maps discovered:
D:1:      lightli_arrival_lavapool, layout_rooms, serial_glass, glass_columns_a,
          glass_columns_a, glass_columns_a, glass_columns_c, glass_columns_a,
          glass_columns_b, glass_columns_b, glass_columns_b, feat_on_display,
          minmay_strange_pillars, feat_on_display,
          chequers_serial_rivers_large_b, chequers_serial_rivers_micro_a
D:2:      layout_rooms, minmay_crystal_room
D:3:      cheibrodos_old_hovel, layout_rooms, minitemple,
          shapermc_ecumenical_altar_mp_urbaneastern, uniq_crazy_yiuf_cottage,
          uniq_natasha, uniq_sigmund, uniq_terence
D:4:      layout_basic, nicolae_wooded_promenade, nicolae_grassy_gnolls
D:5:      layout_rooms

Skill      XL: |  1  2  3  4  5  6 |
---------------+-------------------+-----
Unarmed Combat | 3 4 |  4.1
Shields        | 4 |  4.0
Transmutations | 1 |  1.9
Fighting       | 4 |  4.1
Dodging        | 4 |  4.0

Action                   |  1- 3 |  4- 6 || total
-------------------------+-------+-------++-------
Melee: Unarmed           |    34 |       ||    34
       Constrict         |    20 |    12 ||    32
       Tentacles         |    16 |     5 ||    21
       Whip              |    49 |    38 ||    87
       Dagger            |     5 |       ||     5
       Punch             |     1 |     3 ||     4
Throw: Stone             |    13 |     5 ||    18
  Use: Scroll            |     5 |       ||     5
 Stab: Sleeping          |     8 |     1 ||     9
       Distracted        |     1 |       ||     1
Armor: Skin              |    10 |     1 ||    11
Dodge: Dodged            |    49 |    13 ||    62
Block: Buckler           |    20 |     5 ||    25
